Workbook
Name agency: [1]Home!$D$4
Name agency: [2]Home!$D$4
Name AgencyContact: '[3]TOC Forms'!$C$57
Name aggregated: OFFSET([1]Dashboard!$J$196,,,,'2027 Fiscal Note'!years)
Name aggregated: OFFSET([2]Dashboard!$J$213,,,,years)
Name allinalert: OFFSET([1]Dashboard!$J$164,,,,'2027 Fiscal Note'!years)
Name allinalert: OFFSET([2]Dashboard!$J$180,,,,years)
Name allindsc: OFFSET([1]Dashboard!$J$161,,,,'2027 Fiscal Note'!years)
Name allindsc: OFFSET([2]Dashboard!$J$177,,,,years)
Name allinreq: OFFSET([1]Dashboard!$J$162,,,,'2027 Fiscal Note'!years)
Name allinreq: OFFSET([2]Dashboard!$J$178,,,,years)
Name allintarget: OFFSET([1]Dashboard!$J$163,,,,'2027 Fiscal Note'!years)
Name allintarget: OFFSET([2]Dashboard!$J$179,,,,years)
Name AllocBasisTable2009: '[4]DCHS 07Tables for 09 Allocation'!$E$2:$P$3,'[4]DCHS 07Tables for 09 Allocation'!$B$4:$P$33
Name AltCIP: [5]InputsSheet!$B$27
Name AM_C: OFFSET([6]LongTermSummary!$J$49,,,,ChartLen)
Name AM_P: OFFSET([6]LongTermSummary!$J$50,,,,ChartLen)
Name amconvey: OFFSET([1]Dashboard!$J$186,,,,'2027 Fiscal Note'!years)
Name amconvey: OFFSET([2]Dashboard!$J$202,,,,years)
Name amplants: OFFSET([1]Dashboard!$J$187,,,,'2027 Fiscal Note'!years)
Name amplants: OFFSET([2]Dashboard!$J$203,,,,years)
Name AnnualEscalation: [2]AssetReplacement!$J$4
Name ApproUnitName: '[3]TOC Forms'!$C$59
Name April: #REF!,#REF!,#REF!,#REF!,#REF!,#REF!
Name April: #REF!,#REF!,#REF!,#REF!,#REF!,#REF!
Name Audited: [5]InputsSheet!$B$7
Name August: #REF!,#REF!,#REF!,#REF!,#REF!,#REF!
Name August: #REF!,#REF!,#REF!,#REF!,#REF!,#REF!
Name bien_amcon: OFFSET([1]Dashboard!$J$206,,,,'2027 Fiscal Note'!years)
Name bien_amcon: OFFSET([2]Dashboard!$J$223,,,,years)
Name bien_amplant: OFFSET([1]Dashboard!$J$207,,,,'2027 Fiscal Note'!years)
Name bien_amplant: OFFSET([2]Dashboard!$J$224,,,,years)
Name bien_bond: OFFSET([1]Dashboard!$J$203,,,,'2027 Fiscal Note'!years)
Name bien_bond: OFFSET([2]Dashboard!$J$220,,,,years)
Name bien_capimp: OFFSET([1]Dashboard!$J$208,,,,'2027 Fiscal Note'!years)
Name bien_capimp: OFFSET([2]Dashboard!$J$225,,,,years)
Name bien_cash: OFFSET([1]Dashboard!$J$199,,,,'2027 Fiscal Note'!years)
Name bien_cash: OFFSET([2]Dashboard!$J$216,,,,years)
Name bien_grant: OFFSET([1]Dashboard!$J$202,,,,'2027 Fiscal Note'!years)
Name bien_grant: OFFSET([2]Dashboard!$J$219,,,,years)
Name bien_open: OFFSET([1]Dashboard!$J$209,,,,'2027 Fiscal Note'!years)
Name bien_open: OFFSET([2]Dashboard!$J$226,,,,years)
Name bien_plan: OFFSET([1]Dashboard!$J$210,,,,'2027 Fiscal Note'!years)
Name bien_plan: OFFSET([2]Dashboard!$J$227,,,,years)
Name bien_regul: OFFSET([1]Dashboard!$J$212,,,,'2027 Fiscal Note'!years)
Name bien_regul: OFFSET([2]Dashboard!$J$229,,,,years)
Name bien_resil: OFFSET([1]Dashboard!$J$213,,,,'2027 Fiscal Note'!years)
Name bien_resil: OFFSET([2]Dashboard!$J$230,,,,years)
Name bien_resource: OFFSET([1]Dashboard!$J$211,,,,'2027 Fiscal Note'!years)
Name bien_resource: OFFSET([2]Dashboard!$J$228,,,,years)
Name bien_srf: OFFSET([1]Dashboard!$J$201,,,,'2027 Fiscal Note'!years)
Name bien_srf: OFFSET([2]Dashboard!$J$218,,,,years)
Name bien_wifia: OFFSET([1]Dashboard!$J$200,,,,'2027 Fiscal Note'!years)
Name bien_wifia: OFFSET([2]Dashboard!$J$217,,,,years)
Name bien_year: OFFSET([1]Dashboard!$J$198,,,,'2027 Fiscal Note'!years)
Name bien_year: OFFSET([2]Dashboard!$J$215,,,,years)
Name bondfund: OFFSET([1]Dashboard!$J$179,,,,'2027 Fiscal Note'!years)
Name bondfund: OFFSET([2]Dashboard!$J$195,,,,years)
Name BondIssue: [5]InputsSheet!$B$16
Name BondTerm: [5]InputsSheet!$B$11

Sheet 2027 Fiscal Note
A1: 2026-2027 FISCAL NOTE
A3: Ordinance/Motion: 2026-XXXX
A4: Title: 2027 Sewer Rate and Capacity Charge Ordinance
A5: Affected Agency and/or Agencies: Wastewater Treatment Division, Department of Natural Resources and Parks
A6: Note Prepared By: Luke Slaughterbeck
A7: Date Prepared: | B7: 46093
A8: Note Reviewed By: Caitlyn Hall | D8: Elena Davert, Exec Budget
A9: Date Reviewed: | B9: 3/12/26 | D9: 46121
A11: Description of request:
A12: This legislation increases the sewer rate 12.75 percent from $62.66 in 2026 to $70.65 in 2027. The capacity charge would increase 6.6 percent from $77.99 to $83.10 for each residential customer equivalent for customers who connect in 2027. The revenue impact for the capacity charges continues after 2031 due to the 15-year billing period. The capacity charge for customers connecting in previous years remains at rates established for their year of connection.
A15: Revenue to:
A16: Agency | C16: Fund Code | D16: Revenue Source | E16: 2026-2027 | F16: 2028-2029 | G16: 2030-2031
A17: Water Quality/WTD | C17: 4611 | D17: Sewer Rate | E17: =+FiscalNoteCalcs!D21 -> 76360367 | F17: =+FiscalNoteCalcs!F21 -> 1.5414764e+08 | G17: =+FiscalNoteCalcs!H21 -> 1.5605582e+08
A18: Water Quality/WTD | C18: 4611 | D18: Capacity Charges | E18: =+FiscalNoteCalcs!D41 -> 625464 | F18: =+FiscalNoteCalcs!F41 -> 3127320 | G18: =+FiscalNoteCalcs!H41 -> 5629176
B21: TOTAL | E21: =SUM(E17:E20) -> 76985831 | F21: =SUM(F17:F20) -> 1.5727496e+08 | G21: =SUM(G17:G20) -> 1.6168499e+08
A23: Expenditures from:
A24: Agency | C24: Fund Code | D24: Department | E24: =E16 -> 2026-2027 | F24: =F16 -> 2028-2029 | G24: =G16 -> 2030-2031
A25: Water Quality | C25: 4611 | D25: WTD | E25: 0 | F25: 0 | G25: 0
B29: TOTAL | E29: =SUM(E25:E28) -> 0 | F29: =SUM(F25:F28) -> 0 | G29: =SUM(G25:G28) -> 0
A31: Expenditures by Categories
E32: =E24 -> 2026-2027 | F32: =F24 -> 2028-2029 | G32: =G24 -> 2030-2031
E33: 0 | F33: 0 | G33: 0
A38: TOTAL | E38: =SUM(E33:E37) -> 0 | F38: =SUM(F33:F37) -> 0 | G38: =SUM(G33:G37) -> 0
A39: Does this legislation require a budget supplemental? No.
A40: Notes and Assumptions: This legislation has no impact on any prior biennium. Revenue impacts were developed from assumptions included in the financial plan submitted with this legislation.

Sheet FiscalNoteCalcs
A1: King County WTD - Sewer Rate Financial Model | C1: 2026 | D1: 2027 | E1: 2028 | F1: 2029 | G1: 2030 | H1: 2031 | I1: 2032 | J1: 2033 | K1: 2034 | L1: 2035 | M1: 2036
B3: Wastewater Treatment Division | C3: Budget | D3: Rate Proposal | E3: Projected | F3: Projected | G3: Projected | H3: Projected | I3: Projected | J3: Projected | K3: Projected | L3: Projected | M3: Projected
A4: X | B4: Fiscal Note | C4: 2026 | D4: 2027 | E4: 2028 | F4: 2029 | G4: 2030 | H4: 2031 | I4: 2032 | J4: 2033 | K4: 2034 | L4: 2035 | M4: 2036
B6: Sewer Rate Revenue
B8: Sewer Rate Revenue
B9: Monthly Sewer Rate at Current Levels | C9: 62.66 | D9: 62.66 | E9: 62.66 | F9: 62.66 | G9: 62.66 | H9: 62.66 | I9: 62.66 | J9: 62.66 | K9: 62.66 | L9: 62.66 | M9: 62.66
B10: Rate Increase | C10: 0.075154427 | D10: 0 | E10: 0 | F10: 0 | G10: 0 | H10: 0 | I10: 0 | J10: 0 | K10: 0 | L10: 0 | M10: 0
B11: Residential Customer Equivalents (RCEs) | C11: 792053.26 | D11: 796416 | E11: 801373.81 | F11: 806340.4 | G11: 811315.83 | H11: 816300.13 | I11: 821293.36 | J11: 826295.55 | K11: 831306.75 | L11: 836327.01 | M11: 841356.37
B12: Total Revenues without Rate Increases | C12: =+C9*C11*12 -> 5.9556069e+08 | D12: =+D9*D11*12 -> 5.9884112e+08 | E12: =+E9*E11*12 -> 6.0256899e+08 | F12: =+F9*F11*12 -> 6.0630348e+08 | G12: =+G9*G11*12 -> 6.100446e+08 | H12: =+H9*H11*12 -> 6.137924e+08 | I12: =+I9*I11*12 -> 6.175469e+08 | J12: =+J9*J11*12 -> 6.2130815e+08 | ... M12: =+M9*M11*12 -> 6.3263268e+08
B14: Sewer Rate Revenue
B15: Monthly Sewer Rate with Proposed Increases | C15: 62.66 | D15: 70.65 | E15: 70.65 | F15: 70.65 | G15: 70.65 | H15: 70.65 | I15: 70.65 | J15: 70.65 | K15: 70.65 | L15: 70.65 | M15: 70.65
B16: Rate Increase | C16: 0.075154427 | D16: 0.12751357 | E16: 0 | F16: 0 | G16: 0 | H16: 0 | I16: 0 | J16: 0 | K16: 0 | L16: 0 | M16: 0
B17: Residential Customer Equivalents (RCEs) | C17: 792053.26 | D17: 796416 | E17: 801373.81 | F17: 806340.4 | G17: 811315.83 | H17: 816300.13 | I17: 821293.36 | J17: 826295.55 | K17: 831306.75 | L17: 836327.01 | M17: 841356.37
B18: Total Revenues with Proposed Rate Increases | C18: =+C15*C17*12 -> 5.9556069e+08 | D18: =+D15*D17*12 -> 6.7520149e+08 | E18: =+E15*E17*12 -> 6.7940472e+08 | F18: =+F15*F17*12 -> 6.8361539e+08 | G18: =+G15*G17*12 -> 6.8783356e+08 | H18: =+H15*H17*12 -> 6.9205925e+08 | I18: =+I15*I17*12 -> 6.9629251e+08 | J18: =+J15*J17*12 -> 7.0053337e+08 | ... M18: =+M15*M17*12 -> 7.1330193e+08
B20: Annual Fiscal Impact | C20: =+C18-C12 -> 0 | D20: =+D18-D12 -> 76360367 | E20: =+E18-E12 -> 76835721 | F20: =+F18-F12 -> 77311918 | G20: =+G18-G12 -> 77788962 | H20: =+H18-H12 -> 78266857 | I20: =+I18-I12 -> 78745607 | J20: =+J18-J12 -> 79225218 | ... M20: =+M18-M12 -> 80669249
B21: Biennial Fiscal Impact | D21: =+SUM(C20:D20) -> 76360367 | F21: =+SUM(E20:F20) -> 1.5414764e+08 | H21: =+SUM(G20:H20) -> 1.5605582e+08 | J21: =+SUM(I20:J20) -> 1.5797082e+08 | L21: =+SUM(K20:L20) -> 1.5989273e+08
B24: Capacity Charge Revenue
B26: Capacity Charge Revenue
B27: Capacity Charge at Current Levels | C27: 77.99 | D27: 77.99 | E27: 77.99 | F27: 77.99 | G27: 77.99 | H27: 77.99 | I27: 77.99 | J27: 77.99 | K27: 77.99 | L27: 77.99 | M27: 77.99
B28: Charge Increase | C28: 0.02497043 | D28: 0 | E28: 0 | F28: 0 | G28: 0 | H28: 0 | I28: 0 | J28: 0 | K28: 0 | L28: 0 | M28: 0
B29: New Connections | D29: 10200 | E29: 10200 | F29: 10200 | G29: 10200 | H29: 10200 | I29: 10200 | J29: 10200 | K29: 10200 | L29: 10200 | M29: 10200
B30: Cumulative New Connections | D30: 10200 | E30: 20400 | F30: 30600 | G30: 40800 | H30: 51000 | I30: 61200 | J30: 71400 | K30: 81600 | L30: 91800 | M30: 102000
B31: Total Revenues without Charge Increases | C31: =+C27*C30*12 -> 0 | D31: =+D27*D30*12 -> 9545976 | E31: =+E27*E30*12 -> 19091952 | F31: =+F27*F30*12 -> 28637928 | G31: =+G27*G30*12 -> 38183904 | H31: =+H27*H30*12 -> 47729880 | I31: =+I27*I30*12 -> 57275856 | J31: =+J27*J30*12 -> 66821832 | ... M31: =+M27*M30*12 -> 95459760
B33: Capacity Charge Revenue
B34: Capacity Charge with Proposed Increases | C34: 77.99 | D34: 83.1 | E34: 83.1 | F34: 83.1 | G34: 83.1 | H34: 83.1 | I34: 83.1 | J34: 83.1 | K34: 83.1 | L34: 83.1 | M34: 83.1
B35: Charge Increase | C35: 0.02497043 | D35: 0.065521221 | E35: 0 | F35: 0 | G35: 0 | H35: 0 | I35: 0 | J35: 0 | K35: 0 | L35: 0 | M35: 0
B36: New Connections | D36: 10200 | E36: 10200 | F36: 10200 | G36: 10200 | H36: 10200 | I36: 10200 | J36: 10200 | K36: 10200 | L36: 10200 | M36: 10200
B37: Cumulative New Connections | D37: 10200 | E37: 20400 | F37: 30600 | G37: 40800 | H37: 51000 | I37: 61200 | J37: 71400 | K37: 81600 | L37: 91800 | M37: 102000
B38: Total Revenues with Proposed Charge Increases | C38: =+C34*C37*12 -> 0 | D38: =+D34*D37*12 -> 10171440 | E38: =+E34*E37*12 -> 20342880 | F38: =+F34*F37*12 -> 30514320 | G38: =+G34*G37*12 -> 40685760 | H38: =+H34*H37*12 -> 50857200 | I38: =+I34*I37*12 -> 61028640 | J38: =+J34*J37*12 -> 71200080 | ... M38: =+M34*M37*12 -> 101714400
B40: Annual Fiscal Impact | C40: =+C38-C31 -> 0 | D40: =+D38-D31 -> 625464 | E40: =+E38-E31 -> 1250928 | F40: =+F38-F31 -> 1876392 | G40: =+G38-G31 -> 2501856 | H40: =+H38-H31 -> 3127320 | I40: =+I38-I31 -> 3752784 | J40: =+J38-J31 -> 4378248 | ... M40: =+M38-M31 -> 6254640
B41: Biennial Fiscal Impact | D41: =+SUM(C40:D40) -> 625464 | F41: =+SUM(E40:F40) -> 3127320 | H41: =+SUM(G40:H40) -> 5629176 | J41: =+SUM(I40:J40) -> 8131032 | L41: =+SUM(K40:L40) -> 10632888
